 Dungeon Crawl Stone Soup version 0.29.1-15-g9cfb28693d (webtiles) character file.

Game seed: 11620954811320656342

8313 fridis the Cleaver (level 11, -1/97 HPs)
             Began as a Minotaur Fighter on Sept 9, 2022.
             Slain by Snorg (18 damage)
             ... on level 10 of the Dungeon on Mar 5, 2024.
             The game lasted 00:50:01 (14342 turns).

fridis the Cleaver (Minotaur Fighter)              Turns: 14342, Time: 00:50:01

Health: -1/97      AC: 16    Str: 31    XL:     11   Next: 8%
Magic:  10/10      EV:  9    Int:  5    God:
Gold:   553        SH: 11    Dex: 10    Spells: 10/10 levels left

rFire   . . .      SeeInvis .   z - +5 war axe
rCold   . . .      Faith    .   h - +1 kite shield
rNeg    . . .      Spirit   .   p - +0 chain mail
rPois   .          Reflect  .   (helmet restricted)
rElec   .          Harm     .   (no cloak)
rCorr   .          Rampage  .   (no gloves)
Will    .....                   (no boots)
Stlth   ..........              m - amulet of magic regeneration
HPRegen 0.26/turn               l - +6 ring of strength
MPRegen 0.52/turn               j - +4 ring of protection

@: no status effects
A: horns 2, retaliatory headbutt
a: no special abilities


You were on level 10 of the Dungeon.
You visited 2 branches of the dungeon, and saw 11 of its levels.

You collected 662 gold pieces.
You spent 109 gold pieces at shops.

Inventory:

Hand Weapons
 z - a +5 war axe (weapon)
Missiles
 r - 2 throwing nets (quivered)
Armour
 h - a +1 kite shield (worn)
 p - a +0 chain mail (worn)
Jewellery
 j - a +4 ring of protection (right hand)
 k - a ring of magical power
 l - a +6 ring of strength (left hand)
 m - an amulet of magic regeneration (around neck)
 u - a ring of protection from fire
 w - a +6 ring of strength
 y - a ring of fire
Wands
 o - a wand of charming (12)
Scrolls
 c - a scroll of blinking
 g - a scroll of fear {unknown}
 i - 5 scrolls of teleportation
 n - 4 scrolls of identify
 s - 2 scrolls of enchant weapon
 v - a scroll of magic mapping {unknown}
Potions
 a - 2 potions of resistance {unknown}
 b - 2 potions of magic
 e - 2 potions of haste
 q - a potion of flight
 x - 2 potions of attraction


   Skills:
 + Level 9.4 Fighting
 + Level 12.3 Axes
 + Level 11.1 Armour
 + Level 3.7 Dodging
 + Level 1.3 Stealth
 + Level 9.0 Shields


You had 10 spell levels left.
You didn't know any spells.
Your spell library contained the following spells:

 Spells                   Type           Power      Damage    Failure   Level
 Apportation              Tloc           0%         N/A       99%         1
 Beastly Appendage        Tmut           0%         N/A       99%         1
 Foxfire                  Conj/Fire      0%         2x1d4     99%         1
 Necrotise                Necr           0%         1d4       99%         1
 Summon Small Mammal      Summ           0%         N/A       99%         1
 Wereblood                Tmut           0%         N/A       100%        2
 Conjure Flame            Conj/Fire      0%         6-21      100%        3
 Ignite Poison            Fire/Tmut/Pois 0%         N/A       100%        3
 Inner Flame              Hex/Fire       0%         N/A       100%        3
 Mephitic Cloud           Conj/Pois/Air  0%         N/A       100%        3
 Spider Form              Tmut/Pois      0%         N/A       100%        3
 Flame Wave               Conj/Fire      0%         2d4       100%        4
 Freezing Cloud           Conj/Ice/Air   0%         6-21      100%        5


Dungeon Overview and Level Annotations

Branches:
Dungeon (10/15)            Temple (0/1) D:4            Lair (1/5) D:9
    Orc: D:9-12

Altars:
Cheibriados
Hepliaklqana
Kikubaaqudgha
Makhleb
Nemelex Xobeh
Okawaru
Qazlal
Vehumet
Wu Jian

Shops:
D:2 !   D:4 !   D:8 !   D:10 [

Annotations:
D:9 exclusion: statue
D:10 Snorg


Innate Abilities, Weirdness & Mutations

You have a pair of horns on your head.
You reflexively headbutt those who attack you in melee.


Message History

You completely miss Snorg. You block Snorg's attack.
Snorg claws you but does no damage. x2
You closely miss Snorg.
Snorg goes berserk!
You closely miss Snorg. Your headbutt misses Snorg. Snorg closely misses you.
You furiously retaliate!
You headbutt Snorg! You block Snorg's attack. x2
You hit Snorg. Your headbutt misses Snorg.
Snorg is lightly wounded.
Snorg bites you. Snorg barely misses you. Snorg claws you!
Snorg barely misses you. Snorg claws you! Snorg barely misses you.
You closely miss Snorg.
Snorg is lightly wounded.
Snorg bites you but does no damage. Snorg claws you.
Snorg claws you but does no damage.
You completely miss Snorg.
Snorg is lightly wounded.
Snorg barely misses you. You furiously retaliate!
You headbutt Snorg!!
You block Snorg's attack. x2; Snorg bites you but does no damage.
You block Snorg's attack. Snorg claws you but does no damage.
You slash Snorg!
Snorg is moderately wounded.
Snorg bites you! You block Snorg's attack. Snorg barely misses you.
You barely miss Snorg.
Snorg is moderately wounded.
Snorg bites you but does no damage. You block Snorg's attack. Snorg claws you!
Snorg bites you!!
* * * LOW HITPOINT WARNING * * *
Snorg claws you!
* * * LOW HITPOINT WARNING * * *
Snorg closely misses you.
You feel much better. Snorg bites you. Snorg claws you but does no damage.
Snorg claws you!
* * * LOW HITPOINT WARNING * * *
You feel much better. You block Snorg's attack. Snorg claws you!
Snorg claws you. Snorg bites you but does no damage. Snorg claws you!
* * * LOW HITPOINT WARNING * * *
Snorg claws you but does no damage.
You slice Snorg!!
Snorg is moderately wounded.
Snorg bites you!!
You die...

........## #.#
#######.# #.#
#.# #.#
#####.#####
#.#
#(.........
#.#
#.###.#####
#.# #.# #T#
#.# #@#### #.#
#....# #.#
####.###.###.#
#.....##..#
#.######)##
#.# #.# .. #.#
#.# ##.## #.#
#># ...#
#########.#
#.#


You could see Snorg (berserk).

Vanquished Creatures
  2 two-headed ogres
  A black mamba (Lair:1)
  2 kobold demonologists
  Grinder (D:3)
  A vampire (D:9)
  A wraith (D:6)
  7 yaks
  2 wyverns
  A shadow (D:9)
  A basilisk (Lair:1)
  3 steam dragons
  A vampire mosquito (D:6)
  An acid dragon (D:8)
  A water moccasin (Lair:1)
  4 sky beasts
  5 orc warriors
  An ogre (D:5)
  3 centaurs
  A phantom (D:4)
  A kobold brigand (D:7)
  5 bullfrogs
  A gnoll sergeant (D:6)
  6 wights
  4 killer bees (D:8)
  4 howler monkeys
  4 centaur zombies (D:9)
  3 jellies
  2 gnoll boudas (D:7)
  5 orc priests
  3 hounds
  5 iguanas
  Natasha (thrice) (D:2)
  9 orc wizards
  4 howler monkey zombies (D:9)
  12 gnolls
  4 adders
  A white imp (D:6)
  3 worms
  6 dart slugs
  27 orcs
  5 ball pythons
  6 endoplasms
  5 giant cockroaches
  3 goblins
  7 hobgoblins
  4 jackals (D:2)
  9 kobolds
  5 quokkas
  4 bats
  2 frilled lizards (D:2)
  6 rats
207 creatures vanquished.

Vanquished Creatures (others)
  A sky beast (D:10)
  A fungus (D:1)
  A plant (Lair:1)
  4 toadstools (D:1)
7 creatures vanquished.

Grand Total: 214 creatures vanquished

Notes
Turn   | Place    | Note
-------+----------+-------------------------------------------
     0 | D:1      | fridis the Minotaur Fighter began the quest for the Orb.
     0 | D:1      | Reached XP level 1. HP: 19/19 MP: 0/0
   269 | D:1      | Reached XP level 2. HP: 27/27 MP: 1/1
   703 | D:1      | Found a faded altar of an unknown god.
   825 | D:2      | Noticed Natasha
   826 | D:2      | Noticed a crimson imp
   827 | D:2      | Noticed a crimson imp
   831 | D:2      | Upgraded the game from 0.29.0-13-gc9e81de378 to
                  | 0.29.0-15-g675c0067aa
   836 | D:2      | Killed Natasha
   837 | D:2      | Reached skill level 3 in Axes
   837 | D:2      | Reached XP level 3. HP: 3/33 MP: 2/2
  1319 | D:2      | Reached XP level 4. HP: 26/40 MP: 3/3
  1465 | D:2      | Noticed Natasha
  1475 | D:2      | Killed Natasha
  1693 | D:2      | Found Care's Distillery.
  1704 | D:2      | Bought a potion of heal wounds for 70 gold pieces
  1754 | D:2      | Found Wybla's General Store.
  1942 | D:2      | Noticed Natasha
  1948 | D:2      | Killed Natasha
  2171 | D:3      | Reached XP level 5. HP: 47/47 MP: 4/4
  2207 | D:3      | Reached skill level 4 in Axes
  2367 | D:3      | Reached skill level 5 in Armour
  2370 | D:3      | Reached skill level 1 in Dodging
  2724 | D:3      | Noticed Grinder
  2744 | D:3      | Paralysed by Grinder for 5 turns
  2753 | D:3      | Killed Grinder
  2754 | D:3      | Reached skill level 5 in Axes
  2754 | D:3      | Reached XP level 6. HP: 38/55 MP: 5/5
  2906 | D:3      | Identified the +5 ring mail "Noycaj" {rF+ Str-5 Int+7}
  3546 | D:4      | Found a sand-covered staircase.
  3564 | D:4      | Reached skill level 6 in Axes
  3619 | D:4      | Found a staircase to the Ecumenical Temple.
  3635 | D:4      | Reached XP level 7. HP: 38/60 MP: 6/6
  3638 | D:4      | Reached skill level 5 in Fighting
  3665 | D:4      | Found Paeny's Distillery.
  3826 | D:4      | Upgraded the game from 0.29.0-15-g675c0067aa to 0.29.1
  3882 | D:4      | Reached skill level 5 in Shields
  4075 | D:4      | Found an iron altar of Okawaru.
  4198 | D:4      | Upgraded the game from 0.29.1 to 0.29.1-1-gd02db6906a
  4518 | D:5      | Entered Level 5 of the Dungeon
  4625 | D:5      | Found an ornate altar of the Wu Jian Council.
  4626 | D:5      | Found a stormy altar of Qazlal.
  4627 | D:5      | Found an ancient bone altar of Kikubaaqudgha.
  4725 | D:5      | Reached skill level 7 in Axes
  4824 | D:5      | Upgraded the game from 0.29.1-1-gd02db6906a to
                  | 0.29.1-12-g30fa7ad0bf
  5032 | D:5      | Found a burning altar of Makhleb.
  6086 | D:6      | Reached XP level 8. HP: 55/70 MP: 7/7
  6366 | D:6      | Noticed a kobold demonologist
  6375 | D:6      | Noticed an ice devil
  6378 | D:6      | Killed a kobold demonologist
  6379 | D:6      | Reached skill level 8 in Axes
  7240 | D:7      | Reached XP level 9. HP: 42/78 MP: 8/8
  7252 | D:7      | Reached skill level 9 in Axes
  8139 | D:7      | Reached skill level 1 in Stealth
  8269 | D:7      | Identified the +7 war axe of the Present {vorpal, Fly SInv}
  8370 | D:7      | Noticed a kobold demonologist
  8376 | D:7      | Noticed an orange demon
  8385 | D:7      | Killed a kobold demonologist
  8386 | D:7      | Reached skill level 10 in Axes
  8972 | D:8      | Found a hazy altar of Hepliaklqana.
  9336 | D:8      | Reached XP level 10. HP: 41/88 MP: 9/9
  9769 | D:8      | Noticed a two-headed ogre
  9790 | D:8      | Killed a two-headed ogre
  9791 | D:8      | Reached skill level 11 in Axes
  9791 | D:8      | Upgraded the game from 0.29.1-12-g30fa7ad0bf to
                  | 0.29.1-15-g9cfb28693d
 10035 | D:8      | Found Tainul's Distillery.
 10159 | D:8      | Found a snail-covered altar of Cheibriados.
 11088 | D:8      | Reached skill level 10 in Armour
 11369 | D:8      | Bought a potion of curing for 39 gold pieces
 11479 | D:9      | Found a sparkling altar of Nemelex Xobeh.
 12280 | D:9      | Found a staircase to the Lair.
 12296 | Lair:1   | Entered Level 1 of the Lair of Beasts
 12349 | Lair:1   | Noticed a black mamba
 12355 | Lair:1   | Killed a black mamba
 12356 | Lair:1   | Reached skill level 12 in Axes
 12747 | D:9      | Found a radiant altar of Vehumet.
 13451 | D:10     | Entered Level 10 of the Dungeon
 13463 | D:10     | Found Bour's Armour Boutique.
 13483 | D:10     | Noticed a two-headed ogre
 13504 | D:10     | Killed a two-headed ogre
 13505 | D:10     | Reached XP level 11. HP: 39/97 MP: 10/10
 14329 | D:10     | Noticed Snorg
 14342 | D:10     | Slain by Snorg

Illustrated notes

Levels and vault maps discovered:
D:1:      ldierk_water_garden, layout_loops_cross,
          shapermc_ecumenical_altar_mp_ritualfount, chequers_decorated_corner
D:2:      layout_basic, serial_shops, nicolae_shop_hallway_plus, shop_fountains,
          hex_tiny, uniq_natasha
D:3:      layout_loops_ring, uniq_grinder
D:4:      layout_basic, lemuel_tele_altar, minmay_temple_entry_tees,
          nicolae_ossuary_entry_ruins, serial_shops, shop
D:5:      layout_loops_ring, mainiacjoe_overflow_brackets, minitemple,
          minivault_5
D:6:      layout_basic, kb_rosetta
D:7:      nicolae_cairo_tiling_very_big, layout_basic, minmay_fractal_squares_5
D:8:      layout_loops_cross, nicolae_hepliaklqana_hazy_memory,
          nicolae_overflow_hidden_temple, serial_shops, nicolae_square_shop,
          dreamdust_wishing_well, nrook_uturn, minmay_fractal_squares_gapless_5
D:9:      layout_rooms, nemelex_xobeh_ov_fountains_minmay, vehumet_statue,
          lair_entry_dummy, serial_undead, serial_undead_d, serial_undead_f,
          serial_undead_f, serial_undead_b
D:10:     layout_loops_ring, zin_purify, amcnicky_altar_gilded, serial_shops,
          shop, hangedman_misty_isle, uniq_snorg
Lair:1:   layout_regular_city, grunt_megastairs_4, lemuel_fruit_tree,
          serial_bayou_shore_b

Skill      XL: |  1  2  3  4  5  6  7  8  9 10 11 |
---------------+----------------------------------+-----
Fighting       | 4 6 7 9 |  9.4
Armour         | 4 5 6 8 9 11 | 11.1
Axes           | 3 5 6 7 8 10 12 | 12.3
Shields        | 4 5 6 8 9 |  9.0
Dodging        | 1 2 3 |  3.7
Stealth        | 1 |  1.3

Action                   |  1- 3 |  4- 6 |  7- 9 | 10-12 || total
-------------------------+-------+-------+-------+-------++-------
Melee: War axe           |    63 |   135 |   204 |   202 ||   604
       Headbutt          |    11 |    20 |    34 |    44 ||   109
  Use: Scroll            |     1 |       |    12 |     1 ||    14
       Potion            |     1 |       |     5 |    12 ||    18
Armor: Scale mail        |    47 |    51 |       |       ||    98
       Chain mail        |       |    15 |   106 |   116 ||   237
Dodge: Dodged            |    44 |    42 |    78 |    72 ||   236
Block: Buckler           |     2 |       |       |       ||     2
       Kite shield       |    22 |    68 |   156 |   125 ||   371
